 Dungeon Crawl Stone Soup version 0.7.1-15-g73f6e1f character file.

288 cyborgemu the Slinger (level 6, -1/35 HPs)
             Began as a Halfling Hunter on Aug 6, 2010.
             Slain by an orc
             ... wielding a +0,+1 orcish hammer
              (6 damage)
             ... on Level 3 of the Dungeon.
             The game lasted 00:06:58 (2154 turns).

cyborgemu the Slinger (Halfling Hunter)             Turns: 2154, Time: 00:06:58

HP  -1/35        AC  3     Str 14 Exp: 6/285 (17), need: 235
MP   5/5         EV 13     Int 11      God:
Gold 89          SH 14     Dex 19      Spells:  0 memorised,  5 levels left

Res.Fire  : . . .   See Invis. : .   b - +0 sling
Res.Cold  : . . .   Warding    : .   d - +0 leather armour
Life Prot.: . . .   Conserve   : .   e - +0 buckler
Res.Poison: .       Res.Corr.  : .   (no helmet)
Res.Elec. : .       Clarity    : .   (no cloak) Spirit.Shd: . Stasis : .
                                     (no gloves)
Sust.Abil.: . .     Rnd.Telep. : .   (no boots)
Res.Mut.  : .       Ctrl.Telep.: .   (no amulet)
Res.Rott. : .       Levitation : .   (no ring)
Saprovore : . . .   Ctrl.Flight: .   (no ring)

@: mighty, slightly resistant to hostile enchantments, stealthy
A: slow metabolism 1
a: no special abilities


You were on level 3 of the Dungeon.
You were very hungry.

You visited 1 branch of the dungeon, and saw 3 of its levels.

You collected 69 gold pieces.

Inventory:

Hand weapons
 a - a +0,+0 dagger
 b - a +0,+0 sling (weapon)
 C - a -1,+0 orcish spear
 D - a -1,+0 orcish dagger
Missiles
 c - 14 +1 sling bullets (quivered)
 p - 27 +0 stones
 w - 60 +0 sling bullets
Armour
 d - a +0 leather armour (worn)
 e - a +0 buckler (worn)
Comestibles
 f - 2 bread rations
 n - a cheese
 s - 3 pears
 u - a meat ration
Scrolls
 g - 3 scrolls of teleportation {unknown}
 h - a scroll of detect curse {unknown}
 i - a scroll of enchant armour {unknown}
 j - a scroll of identify {unknown}
 k - a scroll of random uselessness {unknown}
 q - a scroll of recharging {unknown}
 r - a scroll of fear {unknown}
 t - 2 scrolls of fog {unknown}
 y - a scroll of curse armour {unknown}
Jewellery
 m - an uncursed ring of wizardry {unknown}
 o - an uncursed ring of life protection {unknown}
 x - an uncursed ring of protection from magic {unknown}
Potions
 l - a potion of restore abilities
 A - a potion of magic {unknown}
 B - a potion of confusion {unknown} You had 17 experience left.


   Skills:
 + Level 8 Slings
 + Level 2 Dodging
 + Level 3 Stealth
 + Level 2 Shields


You had 5 spell levels left.
You didn't know any spells.

Dungeon Overview and Level Annotations

Branches:
Dungeon (3/27)

Altars:


Innate Abilities, Weirdness & Mutations

You are small and have problems with some larger weapons.
You have a slow metabolism.


Message History

Firing (i - inventory. (,) - cycle):
c - 15 +1 sling bullets (quivered)
Press: ? - help, Shift-Dir - straight line, f/p - orc
Aim: An orc, wielding an orcish hammer (lightly wounded)
You shoot a +1 sling bullet. The +1 sling bullet hits the orc.
The orc is heavily wounded.
The orc hits you with an orcish hammer.
You die...

## ###############...
....#..............
#.(.$.............
o((%#o...............
#.@..............
#................
#................!
#.................
#.................
####..........###.##
#.........)######.#
#....(...).....##.####
.............###.#......


You could see an orc.

Vanquished Creatures
  An orc priest (D:3)
  An orc wizard (D:3)
  2 snakes (D:2)
  4 gnolls (D:2)
  2 giant mites (D:1)
  8 giant bats
  7 giant cockroaches
  7 hobgoblins
  5 orcs (D:3)
  A small snake (D:2)
  2 giant newts (D:2)
  15 goblins
  9 kobolds
  7 rats
71 creatures vanquished.

Vanquished Creatures (others)
  3 toadstools
3 creatures vanquished.

Grand Total: 74 creatures vanquished

Notes
Turn   | Place    | Note
--------------------------------------------------------------
     0 | D:1      | cyborgemu, the Halfling Hunter, began the quest for the Orb.
     0 | D:1      | Reached XP level 1. HP: 11/11 MP: 0/0
   214 | D:1      | Reached XP level 2. HP: 15/15 MP: 1/1
   543 | D:1      | Reached XP level 3. HP: 21/21 MP: 2/2
   580 | D:1      | Reached skill 7 in Slings
   649 | D:1      | Reached XP level 4. HP: 21/25 MP: 3/3
  1593 | D:2      | Reached XP level 5. HP: 30/30 MP: 4/4
  1832 | D:2      | Reached skill 8 in Slings
  2152 | D:3      | Reached XP level 6. HP: 4/35 MP: 5/5
  2154 | D:3      | Slain by an orc
